[Event "Late-Titled-Tuesday-Blitz-September-19-2023"]
[Site "Chess.com"]
[Date "2023.09.19"]
[Round "5"]
[White "tdf98pantani"]
[Black "DTChess"]
[Result "0-1"]
[WhiteElo "2700"]
[BlackElo "2539"]
[TimeControl "180+1"]
[EndTime "14:54:39 PDT"]
[Termination "DTChess won on time"]

1. e4 e5 2. Nc3 Nc6 3. g3 g6 4. Bg2 Bg7 5. d3 Nge7 6. f4 O-O 7. Nf3 d6 8. O-O h6 9. f5 gxf5 10. Nh4 f4 11. gxf4 exf4 12. Bxf4 Ng6 13. Nxg6 fxg6 14. Qd2 Kh7 15. Be3 Ne5 16. Rxf8 Qxf8 17. Rf1 Qe8 18.
h3 Be6 19. b3 c5 20. Ne2 Qd7 21. Nf4 Rf8 22. c3 g5 23. Nxe6 Rxf1+ 24. Kxf1 Qxe6 25. d4 cxd4 26. cxd4 Ng6 27. Qc2 Nh4 28. e5+ Kg8 29. Bxb7 Qxh3+ 30. Ke2 dxe5 31. Qc8+ Qxc8 32. Bxc8 exd4 33.
Be6+ Kf8 34. Bf2 Ng6 35. Kf3 Ke7 36. Bg8 Kd6 37. Ke4 Ne7 38. Bg3+ Kd7 39. Bf7 Bf6 40. b4 Kc6 41. a4 a6 42. Be8+ Kb7 43. Bd6 Nc6 44. Kd5 Nd8 45. Bh5 d3 46. Bf3 d2 47.
Kc5+ Kc8 48. Kc4 Kd7 49. Bg3 Nc6 50. Bg4+ Ke7 51. Bd1 Ne5+ 52. Kd5 Nd3 0-1

[Event "Late-Titled-Tuesday-Blitz-September-19-2023"]
[Site "Chess.com"]
[Date "2023.09.19"]
[Round "5"]
[White "stolencandy13"]
[Black "alexrustemov"]
[Result "1-0"]
[WhiteElo "2571"]
[BlackElo "2774"]
[TimeControl "180+1"]
[EndTime "14:54:39 PDT"]
[Termination "stolencandy13 won by checkmate"]

1. d4 d5 2. Bf4 Nf6 3. e3 c5 4. c3 Nc6 5. Nd2 Bg4 6. Qb3 Qc8 7. Ngf3 e6 8. Bb5 Nd7 9. Ne5 Ndxe5 10. Bxe5 a6 11.
Bxc6+ Qxc6 12. O-O f6 13. Bg3 c4 14. Qc2 Be2 15.
Rfe1 Bd3 16. Qd1 h5 17. h4 Be7 18. Qf3 f5 19. Be5 Bxh4 20. Bxg7 Rh7 21. Be5 Be4 22. Nxe4 dxe4 23. Qh3 Be7 24. b3 b5 25. bxc4 Qxc4 26. Red1 Qd5 27. a4 Bd8 28. axb5 axb5 29. Rxa8 Qxa8 30. d5 Qc8 31. dxe6 Qxe6 32. Qg3 h4 33. Qf4 Rd7 34. Ra1 Kf7 35. Bd4 Kg6 36. Qb8 Qd6 37. Qxb5 Qd5 38. Ra6+ Kf7 39. Qb4 Be7 40. Qb8 Rb7 41. Qh8 Rb1+ 42. Kh2 Bd6+ 43. Rxd6 Qxd6+ 44. Be5 Qg6 45. Qd8 Qe6 46. Qh8 Rb5 47. Bf4 Ke7 48.
Qxh4+ Kd7 49. Qh7+ Kc6 50. Qc7+ Kd5 51. c4# 1-0

[Event "Late-Titled-Tuesday-Blitz-September-19-2023"]
[Site "Chess.com"]
[Date "2023.09.19"]
[Round "5"]
[White "Aariow"]
[Black "Chempiblinka"]
[Result "1-0"]
[WhiteElo "2530"]
[BlackElo "2267"]
[TimeControl "180+1"]
[EndTime "14:54:39 PDT"]
[Termination "Aariow won on time"]

1. d4 Nf6 2. c4 g6 3. Nc3 Bg7 4. e4 d6 5. f4 O-O 6. Nf3 Na6 7. Bd3 Bg4 8. O-O e5 9. fxe5 dxe5 10. d5 c5 11. Bg5 h6 12. Bh4 g5 13. Bf2 Ne8 14. h3 Bh5 15. Bg3 Nd6 16. Qd2 Qe7 17. a3 Bg6 18.
Rae1 Nc7 19. b4 b6 20. Nh2 Na6 21. b5 Nc7 22. Ng4 a6 23. bxa6 Rxa6 24. Rb1 Rfa8 25.
a4 Nc8 26. Rf2 Nd6 27. Rbf1 Nce8 28. Ne3 Kh7 29. Nf5 Bxf5 30. exf5 f6 31. Re2 h5 32. h4 Bh6 33. hxg5 Bxg5 34. Bf4 Qg7 35. Bxg5 Qxg5 36.
Qxg5 fxg5 37. Rxe5 Kg8 38. f6 Kf7 39. Rxg5 Nxf6 40.
Rgf5 Ne8 41. Ne4 Rxa4 42. Nxf6 Nxf6 43. Rxf6+ Ke7 44. Re6+ Kd7 45. Rf7+ Kd8 46. Rh6 Ke8 47. Bg6 Ra1+ 48. Kh2 1-0

[Event "Late-Titled-Tuesday-Blitz-September-19-2023"]
[Site "Chess.com"]
[Date "2023.09.19"]
[Round "5"]
[White "KejJaj"]
[Black "Chessbard1972"]
[Result "0-1"]
[WhiteElo "2211"]
[BlackElo "2369"]
[TimeControl "180+1"]
[EndTime "14:54:40 PDT"]
[Termination "Chessbard1972 won by checkmate"]

1. d4 Nf6 2. Bf4 d5 3. e3 c5 4. c3 Nc6 5. Nd2 Qb6 6. Qb3 c4 7. Qc2 Nh5 8. Bg5 h6 9. Bh4 g5 10. Bg3 Nxg3 11. hxg3 Bg7 12. Ngf3 Bg4 13. e4 e6 14. Be2 O-O-O 15. O-O-O f5 16. exd5 exd5 17. Ng1 Bxe2 18. Qxf5+ Kb8 19. Nxe2 Rhf8 20. Qg6 Rxf2 21. Qxg7 Rxe2 22. Rxh6 Rxg2 23. Qxg5 Qc7 24. g4 Nxd4 25. cxd4 c3 26. bxc3 Qxc3+ 27. Kb1 Rc8 28. Qe5+ Ka8 29. Qf5 a6 30. Rb6 Rxd2 31. Qxc8+ Qxc8 32. Rxd2 Qxg4 33. a4 Qf4 34. Rdb2 Qxd4 35. Rxb7 Qd1+ 36. Ka2 Qxa4+ 37.
Kb1 Qe4+ 38. Ka1 Qe5 39. Ka2 d4 40. R7b6 Qd5+ 41. Kb1 Ka7 42. R6b4 d3 43. Rd2 a5 44. Rbb2 a4 45. Ra2 Qc4 46. Rab2 Ka6 47. Ra2 Ka5 48. Rab2 a3 49. Ra2 Ka4 50. Rh2 Qb3+ 51.
Ka1 Qd1# 0-1

[Event "Late-Titled-Tuesday-Blitz-September-19-2023"]
[Site "Chess.com"]
[Date "2023.09.19"]
[Round "5"]
[White "WilsonPalencia21"]
[Black "MikeSailer"]
[Result "1-0"]
[WhiteElo "2555"]
[BlackElo "2176"]
[TimeControl "180+1"]
[EndTime "14:54:42 PDT"]
[Termination "WilsonPalencia21 won on time"]

1. d4 d5 2. c4 Bf5 3. Nc3 e6 4. Nf3 Nc6 5. Bf4 Nf6 6. e3 Bb4 7. a3 Bxc3+ 8. bxc3 Ne4 9. Qc1 Na5 10. Qb2 O-O 11. c5 b6 12. cxb6 axb6 13. Be2 Nc4 14. Bxc4 dxc4 15. Ne5 Qd5 16. f3 Nd6 17. Qe2 Qb5 18. e4 Bg6 19. O-O f6 20. Ng4 Qb3 21.
Rfb1 Qxc3 22. Rc1 Qxd4+ 23. Be3 Qd3 24. Qxd3 cxd3 25. Rxc7 Nb5 26. Rd7 f5 27. Nf2 fxe4 28. fxe4 Rxf2 29. Bxf2 Bxe4 30. Bxb6 Rxa3 31. Rxa3 Nxa3 32.
Bd4 d2 33. Bc3 Nc4 34. Bxd2 Nxd2 35. Rxd2 Bd5 36. g3 Kf7 37. Kf2 Kf6 38. Ke3 h6 39. Rf2+ Kg6 40. Kf4 Kh7 41. h4 Kg6 42. g4 Kh7 43.
Ke5 Kg6 44. Rf8 Ba2 45. Kf4 Bd5 46. h5+ Kh7 47. g5 hxg5+ 48. Kxg5 Ba2 49. Re8 Bc4 50. Re7 Bd5 51. h6 Kg8 52. hxg7 1-0

[Event "Late-Titled-Tuesday-Blitz-September-19-2023"]
[Site "Chess.com"]
[Date "2023.09.19"]
[Round "5"]
[White "TatjanaVasilevich"]
[Black "scandalgod"]
[Result "0-1"]
[WhiteElo "2555"]
[BlackElo "2468"]
[TimeControl "180+1"]
[EndTime "14:54:43 PDT"]
[Termination "scandalgod won by checkmate"]

1. e4 e5 2. Nf3 Nc6 3. Bb5 a6 4.
Ba4 d6 5. O-O Bg4 6. h3 h5 7.
Re1 Qf6 8. Bxc6+ bxc6 9. d3 Ne7 10. Kf1 Bxf3 11. Qxf3 Qxf3 12. gxf3 Ng6 13. Nc3 Be7 14. Ne2 f6 15. f4 Kf7 16. f5 Nh4 17. f4 Rag8 18. fxe5 dxe5 19. Kf2 g6 20. fxg6+ Rxg6 21. Rg1 Rxg1 22. Nxg1 Rg8 23. Be3 Rg2+ 24. Kf1 Rxc2 25. b3 Ng2 26. Bc1 Bc5 27. Ne2 Bd4 28. Rb1 Rxa2 29. Bh6 Nh4 30. Rc1 c5 31. Nxd4 cxd4 32. Rxc7+ Kg6 33. Bc1 Nf3 34. b4 Nh2+ 35. Ke1 Nf3+ 36.
Kd1 h4 37. Rc6 Ng1 38. Rc2 Rxc2 39. Kxc2 Nxh3 40. Kd1 Nf4 41. Ke1 Nxd3+ 42. Kf1 Nxc1 43. Kg2 Nd3 44. Kh3 Nxb4 45. Kxh4 d3 46. Kg4 d2 47. Kf3 d1=Q+ 48. Kf2 Qd4+ 49. Kf1 Nd3 50. Kg2 Qf2+ 51. Kh1 Qf3+ 52. Kh2 Qxe4 53. Kg1 Nf4 54. Kh2 Qg2# 0-1

[Event "Late-Titled-Tuesday-Blitz-September-19-2023"]
[Site "Chess.com"]
[Date "2023.09.19"]
[Round "5"]
[White "Verony64"]
[Black "elpatodice"]
[Result "1/2-1/2"]
[WhiteElo "2257"]
[BlackElo "2365"]
[TimeControl "180+1"]
[EndTime "14:54:44 PDT"]
[Termination "Game drawn by repetition"]

1. e4 c5 2. Nc3 g6 3. d3 Bg7 4. g3 Nc6 5. Bg2 e6 6. f4 Nge7 7. Nf3 O-O 8. O-O d5 9. e5 Rb8 10.
Ne2 b5 11. c3 b4 12. Be3 bxc3 13.
bxc3 c4 14. d4 Qa5 15. Qd2 Ba6 16. Rab1 Nf5 17. Bf2 h5 18. h3 Bh6 19. g4 hxg4 20. hxg4 Nfe7 21. g5 Bg7 22. Nh2 Nf5 23. Ng4 Rxb1 24.
Rxb1 Rb8 25. Rxb8+ Nxb8 26. Nf6+ Bxf6 27. gxf6 Qb5 28.
Qc1 Qa4 29. Qb1 Nc6 30. Ng3 Qa3 31. Nxf5 gxf5 32. Be1 Kf8 33. Bd2 Ke8 34. Kf2 Kd7 35. Ke2 Kc7 36. Bf3 Nd8 37. Bh5 Qa5 38. Ke3 Bb5 39.
Bd1 Nc6 40. Bh5 Nd8 41. Bd1 Ba4 42. Bxa4 Qxa4 43. Be1 Nc6 44. Bd2 a6 45. Kf3 Qa3 46. Ke2 Na5 47. Qg1 Qxa2 48. Qg7 Nb3 49. Qxf7+ Kb8 50.
Qe8+ Kb7 51. Qd7+ Kb8 52. Qd8+ Kb7 53. Qd7+ Kb8 54. Qd8+ Ka7 55. Qc7+ Ka8 56. Qc8+ Ka7 57. Qc7+ Ka8 58. Qc8+ Ka7 59. Qc7+ 1/2-1/2

[Event "Late-Titled-Tuesday-Blitz-September-19-2023"]
[Site "Chess.com"]
[Date "2023.09.19"]
[Round "5"]
[White "nihalsarin"]
[Black "Beca95"]
[Result "1-0"]
[WhiteElo "3103"]
[BlackElo "2855"]
[TimeControl "180+1"]
[EndTime "14:54:45 PDT"]
[Termination "nihalsarin won by resignation"]

1. e4 c5 2. Nf3 d6 3. Nc3 Nf6 4. d4 cxd4 5. Qxd4 Nc6 6. Qe3 g6 7. h3 Bg7 8. Bc4 O-O 9. O-O Nb4 10. Bb3 Be6 11. Bxe6 fxe6 12. Qe2 Qc8 13. e5 Nfd5 14.
Nxd5 Nxd5 15. c4 Nf4 16. Bxf4 Rxf4 17. b3 Rf5 18. Rad1 Bxe5 19. g4 Rxf3 20. Qxf3 g5 21. Kg2 Qc6 22. Qxc6 bxc6 23. h4 h6 24. hxg5 hxg5 25.
Rh1 Bf6 26. Rh5 e5 27. b4 Kf7 28. a4 Ke6 29. Rh3 Rc8 30. Rhd3 Bg7 31. f3 Bf6 32. R1d2 Bg7 33. a5 a6 34. Rb3 Rb8 35. Rdb2 Ra8 36.
Ra2 Kd7 37. b5 Kc7 38. Kf2 Bf6 39. Ke3 Bg7 40. b6+ Kb7 41. Rh2 Bf6 42. Ke4 Rd8 43. Rd3 Rf8 44. Kf5 Rd8 45. Ke6 d5 46. cxd5 Rd6+ 47.
Kf7 cxd5 48. Rc2 Rd7 49. Rdc3 e4 50. Rc7+ Rxc7 51. Rxc7+ Kb8 52. fxe4 dxe4 53. Rc4 e3 54. Re4 1-0

[Event "Late-Titled-Tuesday-Blitz-September-19-2023"]
[Site "Chess.com"]
[Date "2023.09.19"]
[Round "5"]
[White "whiteglovethief"]
[Black "CSB7"]
[Result "1/2-1/2"]
[WhiteElo "2521"]
[BlackElo "2699"]
[TimeControl "180+1"]
[EndTime "14:54:51 PDT"]
[Termination "Game drawn by repetition"]

1. d4 Nf6 2. c4 a6 3. Nc3 b5 4. cxb5 axb5 5. Nxb5 e5 6. dxe5 Ne4 7. Nc3 Bb4 8. Qd4 Ra4 9. Bd2 Bxc3 10. Qxa4 Bxd2+ 11. Kd1 Nxf2+ 12. Kxd2 Nxh1 13. Qf4 O-O 14. g3 d6 15. exd6 Bb7 16. Ke1 cxd6 17. Nf3 Qb6 18.
Qd4 Qxd4 19. Nxd4 Nc6 20. Nf5 Nb4 21. Kd2 Nf2 22. a3 Ne4+ 23. Kd1 Nc6 24. Bg2 Re8 25. Ke1 g6 26. Bxe4 gxf5 27. Bxf5 Ba6 28. Bg4 Bxe2 29. Bxe2 Nd4 30. Kd2 Nxe2 31. Re1 Rb8 32. Rxe2 Rxb2+ 33. Ke1 Rb1+ 34. Kf2 Ra1 35. Re3 Ra2+ 36. Kg1 Kg7 37. Rd3 f6 38. Kh1 Ra1+ 39. Kg2 Ra2+ 40. Kf3 Rxh2 41.
Rxd6 Ra2 42. Rd3 Kg6 43. Ke4 h5 44. Kd5 Kg5 45. Kc5 f5 46. Kb5 Kg4 47. a4 f4 48.
gxf4 Kxf4 49. a5 h4 50. a6 Kg4 51. Rd4+ Kg3 52. Ra4 Rb2+ 53. Rb4 Ra2 54. Ra4 Rb2+ 55. Rb4 Ra2 56. Ra4 1/2-1/2

[Event "Late-Titled-Tuesday-Blitz-September-19-2023"]
[Site "Chess.com"]
[Date "2023.09.19"]
[Round "5"]
[White "Garmendiarov"]
[Black "Grig1508"]
[Result "1-0"]
[WhiteElo "2336"]
[BlackElo "2021"]
[TimeControl "180+1"]
[EndTime "14:54:52 PDT"]
[Termination "Garmendiarov won on time"]

1. e4 c5 2. Nf3 e6 3. d4 cxd4 4. Nxd4 Nf6 5. Nc3 Nc6 6. a3 Bc5 7. Nxc6 bxc6 8. e5 Nd5 9. Ne4 Qb6 10. b4 Bd4 11. Rb1 Bxe5 12. c4 Nc3 13. Nxc3 Bxc3+ 14. Bd2 Bxd2+ 15. Qxd2 d5 16. Be2 O-O 17. O-O a5 18. Rfc1 axb4 19. axb4 Ba6 20. c5 Qb7 21. Bxa6 Qxa6 22.
h4 Rfb8 23. h5 h6 24. Qd4 Rb5 25. Rc3 Rab8 26. Rg3 f6 27. Qxf6 Qa7 28. Qxe6+ Qf7 29.
Qxf7+ Kxf7 30. Rgb3 Ke6 31. Kf1 d4 32. Ke2 Kd5 33.
Kd3 Rf8 34. f3 Rf5 35. R3b2 Rxh5 36. Ke2 Re5+ 37. Kf2 Re3 38. Rb3 Re7 39. Rd3 Rf7 40. Rb2 g5 41. Ra3 g4 42. Ra7 Rf6 43. Ra8 Kc4 44.
Rd8 1-0

[Event "Late-Titled-Tuesday-Blitz-September-19-2023"]
[Site "Chess.com"]
[Date "2023.09.19"]
[Round "5"]
[White "Arimin1329"]
[Black "pirulillo"]
[Result "0-1"]
[WhiteElo "2263"]
[BlackElo "2382"]
[TimeControl "180+1"]
[EndTime "14:54:54 PDT"]
[Termination "pirulillo won by resignation"]

1. Nf3 Nf6 2. b3 g6 3. Bb2 Bg7 4. d4 O-O 5. Nbd2 d5 6. e3 Nbd7 7. Be2 c5 8. O-O Qc7 9. c4 dxc4 10.
Nxc4 b6 11. Rc1 Bb7 12. dxc5 Nxc5 13. Be5 Qd8 14. Qc2 Nfd7 15. Bxg7 Kxg7 16. Rfd1 Qc7 17. b4 Ne4 18. Qb2+ Ndf6 19. Na5 Qb8 20. Nxb7 Qxb7 21. Nd4 Rac8 22. Bf3 Rxc1 23. Rxc1 e5 24.
Nc6 Rc8 25. b5 Nd6 26. Nxe5 Rxc1+ 27. Qxc1 Qe7 28. Qb2 Kg8 29. a4 Nfe4 30. Qd4 f5 31. Nc6 Qg7 32. Qxg7+ Kxg7 33. Bxe4 Nxe4 34. Nxa7 Nc5 35.
Nc8 Nxa4 36. Kf1 Kf6 37. Ke2 Ke6 38. Na7 Kd5 39. Nc6 Kc5 40. Nd4 Nc3+ 41. Kd3 Nxb5 42.
Ne6+ Kd6 43. Nf8 Nc7 44. Nxh7 b5 45. Ng5 Kd5 46. Nf3 b4 47. Nd4 Na6 48. h4 Nc5+ 49.
Kc2 Kc4 50. f3 b3+ 51. Kd2 Kb4 52. g4 fxg4 53. fxg4 Ka3 54. h5 gxh5 55. gxh5 b2 56. Nb5+ Ka2 57. Nc3+ Ka1 58. h6 Ne4+ 59. Kd3 Nxc3 60.
h7 b1=Q+ 61. Kxc3 Qxh7 0-1

[Event "Late-Titled-Tuesday-Blitz-September-19-2023"]
[Site "Chess.com"]
[Date "2023.09.19"]
[Round "5"]
[White "eCztery"]
[Black "ilm2034"]
[Result "0-1"]
[WhiteElo "2408"]
[BlackElo "2562"]
[TimeControl "180+1"]
[EndTime "14:54:55 PDT"]
[Termination "ilm2034 won by resignation"]

1. e4 g6 2. d4 Bg7 3. Nc3 c5 4. dxc5 Bxc3+ 5. bxc3 Qa5 6. Bb2 Nf6 7. e5 Ne4 8. Bd3 Nxc5 9. Nf3 Nc6 10. O-O Na4 11. Rb1 Nxb2 12. Rxb2 Qxc3 13. Rb3 Qa5 14. Qc1 b6 15.
Qb2 Bb7 16. e6 O-O 17. Rb5 Qa4 18. exd7 Rad8 19. Ne5 Nxe5 20. Rxe5 Rxd7 21. Qc1 Qd4 22.
Re3 Qf4 23. Qe1 e6 24. Rg3 Rfd8 25. h3 a6 26. Qe2 b5 27. a4 bxa4 28. Bxa6 Bxa6 29.
Qxa6 Rd1 30. Kh2 Rxf1 31. Qxf1 Qe5 32. f4 Qd4 33. Rd3 Qf6 34. Rf3 Rd4 35. Qa1 h5 36.
Kg3 h4+ 37. Kh2 Kh7 38. Qc3 Qd8 39. Qa3 Qd6 40. Qe3 Rc4 41. Qe5 Qxe5 42. fxe5 Kg7 43. Ra3 g5 44. c3 Kg6 45. g3 hxg3+ 46. Kxg3 Kf5 47. Kf3 Kxe5 48. Ke3 f5 49. Kd3 Kd5 50. Ra1 e5 51. Rf1 e4+ 52. Kd2 f4 53. Rg1 Ke6 54.
Rxg5 Kf6 55. Ra5 f3 56. Ke3 Rxc3+ 57. Kxe4 a3 58. h4 Kg6 59. h5+ Kh6 60. Kd4 f2 61. Rf5 a2 62. Kxc3 a1=Q+ 0-1

[Event "Late-Titled-Tuesday-Blitz-September-19-2023"]
[Site "Chess.com"]
[Date "2023.09.19"]
[Round "5"]
[White "vladislavkovalev"]
[Black "BillieKimbah"]
[Result "1/2-1/2"]
[WhiteElo "2890"]
[BlackElo "2971"]
[TimeControl "180+1"]
[EndTime "14:54:56 PDT"]
[Termination "Game drawn by repetition"]

1. e4 e5 2. Nf3 Nc6 3. Bb5 a6 4.
Ba4 Nf6 5. O-O Be7 6. d3 b5 7.
Bb3 d6 8. a3 O-O 9. Nc3 Rb8 10.
h3 h6 11. a4 Re8 12. axb5 axb5 13. Nd5 Nxd5 14. Bxd5 Bd7 15. c3 Bf6 16. b4 Ne7 17.
Bb3 Qc8 18. Be3 Be6 19. Ra7 Nc6 20. Bxe6 Rxe6 21. Ra3 Re8 22. Qb3 Qd7 23. Rfa1 Red8 24. Ra6 Ne7 25. c4 Ng6 26. R1a5 Nf8 27. Ra7 Ne6 28.
Qc3 Bg5 29. Nxg5 hxg5 30. R7a6 Kh7 31. Qd2 f6 32. Qc3 Nf4 33. Bxf4 gxf4 34. cxb5 Rxb5 35. Rxb5 Qxb5 36. Qxc7 Qxa6 37. Qxd8 Qxd3 38. f3 Qb1+ 39. Kh2 Qxb4 40. Qd7 Qb6 41. Qf5+ Kh6 42. Qd7 Qb8 43. Qf7 Qd8 44. h4 Kh7 45. h5 Qc8 46. Qg6+ Kh8 47. Qf7 Qd8 48. Kh3 Kh7 49. Kh2 Kh8 50. Kh3 Kh7 51.
Kh2 1/2-1/2

[Event "Late-Titled-Tuesday-Blitz-September-19-2023"]
[Site "Chess.com"]
[Date "2023.09.19"]
[Round "5"]
[White "rionelG"]
[Black "HajiyevKanan"]
[Result "1/2-1/2"]
[WhiteElo "2331"]
[BlackElo "2478"]
[TimeControl "180+1"]
[EndTime "14:54:57 PDT"]
[Termination "Game drawn by stalemate"]

1. e4 c6 2. d4 d5 3. e5 a6 4.
Nf3 Bg4 5. Be2 e6 6. Nbd2 c5 7. c4 dxc4 8. Nxc4 cxd4 9. Nxd4 Bxe2 10. Nxe2 Qxd1+ 11. Kxd1 Nc6 12. Bf4 O-O-O+ 13. Kc2 Nd4+ 14. Nxd4 Rxd4 15. Nb6+ Kc7 16. Be3 Re4 17. Kd3 Rxe3+ 18. Kxe3 Bc5+ 19. Ke4 Kxb6 20. b4 Be7 21. Rhd1 Nh6 22.
Rd7 Re8 23. h3 Kc6 24. Rad1 Bxb4 25. g4 Bc5 26. f4 a5 27. a4 Re7 28. Rd8 f5+ 29.
Kf3 b6 30. Rh8 fxg4+ 31. hxg4 Nf7 32. Rxh7 g5 33. Rh5 gxf4 34. Kxf4 Bb4 35. g5 Bc3 36. g6 Nxe5 37. Rxe5 Bxe5+ 38. Kxe5 b5 39. Rd6+ Kc5 40. Rxe6 Rg7 41. Kf6 Rxg6+ 42. Kxg6 bxa4 43. Kf5 a3 44. Re1 Kc4 45. Ke4 a2 46. Ra1 Kb3 47. Kd3 a4 48. Rxa2 Kxa2 49. Kc2 Ka1 50. Kc1 Ka2 51. Kc2 Ka3 52. Kb1 Kb4 53. Ka1 Kb3 54.
Kb1 a3 55. Ka1 Kb4 56. Kb1 Ka4 57. Ka1 Ka5 58. Kb1 Kb5 59. Ka1 Kb4 60. Kb1 Kb5 61. Ka1 Ka5 62. Kb1 Ka4 63. Ka1 Kb3 64. Kb1 a2+ 65.
Ka1 Ka3 1/2-1/2

[Event "Late-Titled-Tuesday-Blitz-September-19-2023"]
[Site "Chess.com"]
[Date "2023.09.19"]
[Round "5"]
[White "Hoshka"]
[Black "Nick12772"]
[Result "0-1"]
[WhiteElo "2046"]
[BlackElo "2353"]
[TimeControl "180+1"]
[EndTime "14:54:57 PDT"]
[Termination "Nick12772 won on time"]

1. d4 Nf6 2. c4 g6 3. g3 c6 4. Bg2 d5 5. cxd5 cxd5 6. Nc3 Bg7 7.
Nf3 O-O 8. Ne5 Ng4 9. Nf3 Nc6 10.
O-O Nf6 11. Bf4 Ne4 12. Ne5 Nxc3 13. bxc3 Nxe5 14. dxe5 e6 15. Qb3 g5 16. Be3 Bxe5 17. Rad1 Qf6 18. c4 d4 19. Bc1 Bc7 20. c5 e5 21.
Bxb7 Rb8 22. c6 Bxb7 23. cxb7 Qb6 24. Bxg5 Qxb3 25. axb3 Rxb7 26. Ra1 f6 27. Bd2 Rfb8 28. Rfc1 Bd6 29. Rc6 Be7 30. b4 Kf7 31. g4 Ra8 32. Ra4 Ke8 33. Kg2 Kd7 34. Rca6 Bd6 35. Kf3 Be7 36.
Ke4 Ke8 37. f3 Kf7 38. h4 Kg7 39. h5 Kf7 40. Kf5 Rd7 41. h6 Rc7 42. g5 fxg5 43. Kxe5 Rd7 44. Kf5 d3 45. e4 Rc8 46. Rxa7 Rxa7 47.
Rxa7 Rc2 48. Bxg5 Ke8 49. Rxe7+ Kf8 50. Rd7 d2 51. b5 Rc4 0-1

[Event "Late-Titled-Tuesday-Blitz-September-19-2023"]
[Site "Chess.com"]
[Date "2023.09.19"]
[Round "5"]
[White "dretch"]
[Black "SpeedofLight0"]
[Result "0-1"]
[WhiteElo "2847"]
[BlackElo "3090"]
[TimeControl "180+1"]
[EndTime "14:54:58 PDT"]
[Termination "SpeedofLight0 won by resignation"]

1. d4 Nf6 2. c4 e6 3. Nc3 Bb4 4. Qc2 d5 5. cxd5 Qxd5 6. Nf3 Qf5 7. Qxf5 exf5 8. Bd2 c6 9. e3 h6 10. Bd3 Be6 11.
Ke2 Nbd7 12. Rhc1 Nb6 13. Ne5 Nfd7 14. Nxd7 Kxd7 15. Na4 Nxa4 16. Bxb4 Nxb2 17. d5 cxd5 18. Bb5+ Kd8 19. Ba5+ b6 20. Bc3 Nc4 21. Bxg7 Rg8 22. Bxh6 Rxg2 23. Rg1 Rxg1 24. Rxg1 Ke7 25. Bg7 Nd6 26. Ba6 f6 27. Bh6 d4 28. a3 dxe3 29.
Rg7+ Nf7 30. Bxe3 Rh8 31. Bf4 Rh4 32. Ke3 Bd5 33. Bf1 Ke6 34. Rg8 Ne5 35. Ba6 Kf7 36. Rc8 Ng4+ 37. Ke2 Rh3 38. Rc7+ Kg6 39. Rxa7 Rxa3 40. Bb8 Bf3+ 41. Kd2 Nxf2 42. Bc8 Ne4+ 43. Kc2 Rc3+ 44. Kb2 Rxc8 45. Bf4 Rh8 46. Ra3 Bg4 47.
Rb3 Nc5 48. Ra3 Rd8 49. Be3 Nd3+ 50. Kc3 Ne5 51. Kb4 Rd3 52. Bxb6 Rxa3 53. Kxa3 Nc4+ 54. Kb4 Nxb6 55. Kc5 Nd7+ 56. Kd4 Ne5 57. Ke3 Kg5 58.
h4+ Kxh4 59. Kf4 Ng6+ 60. Ke3 Kg3 0-1

[Event "Late-Titled-Tuesday-Blitz-September-19-2023"]
[Site "Chess.com"]
[Date "2023.09.19"]
[Round "5"]
[White "Arteler"]
[Black "JoakimVonAnd"]
[Result "0-1"]
[WhiteElo "2547"]
[BlackElo "2724"]
[TimeControl "180+1"]
[EndTime "14:54:58 PDT"]
[Termination "JoakimVonAnd won by resignation"]

1. e4 c5 2. Nf3 d6 3. Bb5+ Bd7 4.
Bxd7+ Nxd7 5. O-O Ngf6 6. Re1 e6 7. d4 cxd4 8. Qxd4 Be7 9. c4 O-O 10. Nc3 Qb6 11. b3 Qxd4 12. Nxd4 a6 13. Ba3 Rfc8 14. Rac1 Kf8 15. Red1 Nc5 16. Bxc5 Rxc5 17. Na4 Rc7 18. Nb6 Rd8 19. f3 d5 20. exd5 exd5 21. Nxd5 Rcd7 22. Nxe7 Rxd4 23. Rxd4 Rxd4 24. Nf5 Rd2 25. c5 g6 26. Nd6 Rxa2 27. Nxb7 Ne8 28. Rd1 Rb2 29. b4 Rxb4 30. Nd6 Nc7 31. Nxf7 Ne6 32. Rd7 Nxc5 33. Rc7 Ne6 34.
Ra7 Nf4 35. Ng5 Rb2 36. Nxh7+ Ke8 37. g3 Nh3+ 38. Kh1 Nf2+ 39. Kg2 Ra2 40. f4 Kd8 41. Kf3 Nd3 42. Nf8 a5 43. Nxg6 a4 44. f5 a3 45. Ke3 Nb4 46. Kd4 Nc6+ 47. Ke3 Nxa7 48. f6 Ke8 49. Ne5 Nb5 50. g4 Nd6 51. g5 Rxh2 52.
g6 Rg2 53. Kf3 Rxg6 54. Nxg6 a2 0-1

[Event "Late-Titled-Tuesday-Blitz-September-19-2023"]
[Site "Chess.com"]
[Date "2023.09.19"]
[Round "5"]
[White "GiorgianBarbosa"]
[Black "SCIM"]
[Result "0-1"]
[WhiteElo "2449"]
[BlackElo "2570"]
[TimeControl "180+1"]
[EndTime "14:54:58 PDT"]
[Termination "SCIM won by checkmate"]

1. c4 g6 2. g3 Bg7 3. Bg2 c5 4. Nc3 Nc6 5. e3 e6 6. Nge2 Nge7 7. d3 O-O 8. O-O b6 9. b3 Bb7 10. Bb2 d5 11. cxd5 exd5 12. e4 dxe4 13. dxe4 Qxd1 14. Raxd1 Rad8 15. Na4 Ba6 16. Bxg7 Kxg7 17. Nac3 Nd4 18.
Rde1 Nxe2+ 19. Nxe2 Rd2 20. Bf3 Nc6 21. Rd1 Rfd8 22. Rxd2 Rxd2 23. Re1 Ne5 24. Kg2 Rxa2 25. Nc3 Rb2 26. Ra1 Rxb3 27. Rxa6 Rxc3 28. Be2 Rc2 29.
Bb5 Rb2 30. Bf1 c4 31. Rxa7 b5 32. Rc7 b4 33. h3 c3 34. g4 g5 35. Kg3 Rd2 36.
Bb5 c2 37. Ba4 b3 38. Bxb3 Rd3+ 39. Kg2 Rxb3 40. Rxc2 Nd3 41. f3 Nf4+ 42. Kg3 Rb1 43. h4 h6 44. hxg5 hxg5 45. Rc5 Kg6 46. Rc6+ Kg7 47.
Rc5 f6 48. Rc7+ Kg6 49. Rc2 Rg1+ 50. Kh2 Rf1 51. Kg3 Rg1+ 52. Kh2 Ra1 53. Rc6 Re1 54. Kg3 Re2 55. Rb6 Rg2# 0-1

[Event "Late-Titled-Tuesday-Blitz-September-19-2023"]
[Site "Chess.com"]
[Date "2023.09.19"]
[Round "5"]
[White "chessdjw"]
[Black "ChessWarrior7197"]
[Result "1/2-1/2"]
[WhiteElo "2673"]
[BlackElo "3056"]
[TimeControl "180+1"]
[EndTime "14:54:59 PDT"]
[Termination "Game drawn by repetition"]

1. d4 d5 2. c4 e6 3. Nf3 Nf6 4. g3 Be7 5. Bg2 O-O 6. O-O dxc4 7. Qa4 c6 8. Qxc4 b5 9. Qb3 Bb7 10. Rd1 Nbd7 11. Ne5 Nxe5 12. dxe5 Nd7 13. Nc3 Qc7 14.
Bf4 a6 15. Ne4 Nc5 16. Qc2 Nxe4 17. Bxe4 h6 18. Rd2 Rfd8 19. Rad1 Rxd2 20. Rxd2 Rd8 21.
Rxd8+ Bxd8 22. b4 Be7 23. Qc3 Kf8 24. h4 g5 25. hxg5 hxg5 26. Be3 Ke8 27. Bc5 Bxc5 28. Qxc5 Kd7 29. Kg2 Qd8 30. Kf3 Kc7 31. Kg4 Qd2 32.
Bf3 Kd7 33. a3 Qb2 34. Qd6+ Kc8 35. Bxc6 Bxc6 36. Qxc6+ Kd8 37. Qb6+ Ke8 38. Qb8+ Ke7 39. Qd6+ Ke8 40. Kxg5 Qxe2 41. f4 Qh2 42. Qc6+ Ke7 43. Qc5+ Ke8 44. Qc8+ Ke7 45. Qc7+ Kf8 46. Qd8+ Kg7 47.
Qf6+ Kg8 48. Qd8+ Kh7 49. Kf6 Qh5 50. Qf8 Qg6+ 51. Ke7 Qxg3 52. Qxf7+ Kh8 53. Qf6+ Kh7 54. Kf7 Qg8+ 55. Ke7 Qg3 56. Qf7+ Kh8 57. Qf6+ Kh7 1/2-1/2

[Event "Late-Titled-Tuesday-Blitz-September-19-2023"]
[Site "Chess.com"]
[Date "2023.09.19"]
[Round "5"]
[White "ukchessbomber"]
[Black "zverr1"]
[Result "1-0"]
[WhiteElo "2698"]
[BlackElo "2511"]
[TimeControl "180+1"]
[EndTime "14:54:59 PDT"]
[Termination "ukchessbomber won by checkmate"]

1. b4 e5 2. Bb2 Bxb4 3. Bxe5 Nf6 4. e3 O-O 5. c3 Ba5 6. Bxf6 Qxf6 7. g3 d5 8. Bg2 c6 9. Ne2 Nd7 10. O-O h5 11. h3 Nc5 12. d4 Ne4 13. c4 Bf5 14.
cxd5 cxd5 15. Nf4 Rfd8 16. Qxh5 g6 17. Qe2 g5 18. Nd3 Bc7 19. Rc1 Rac8 20. Nd2 b6 21. a4 Qd6 22. Nxe4 dxe4 23. Ne5 Qe6 24. Rc6 Rd6 25.
Rac1 Rxc6 26. Rxc6 Qb3 27. Qh5 Bxe5 28. Qxg5+ Bg7 29.
Rxc8+ Bxc8 30. Qd8+ Bf8 31. Qxc8 Qxa4 32. Bxe4 Qd1+ 33.
Kg2 Qh5 34. Qb7 a5 35. Qxb6 a4 36. Qa6 a3 37. g4 Qg5 38. Bd3 Qd5+ 39. Kg1 a2 40.
Qa4 Qe6 41. Bf1 Qd5 42. Bg2 Qe6 43. d5 Qb6 44. Qxa2 Qc5 45. Qe2 Bd6 46. f4 Qc1+ 47. Kf2 Qc3 48. h4 Qb4 49. h5 Qxf4+ 50. exf4 Bxf4 51.
Qe8+ Kg7 52. Qe4 Bh6 53. d6 f6 54. d7 Bg5 55. Qg6+ Kf8 56. d8=Q# 1-0